 Dungeon Crawl Stone Soup version 0.30-a0-394-g3e4acdb0ae (webtiles) character file.

Game seed: 14187994389459491547

2951 Alacron the Cleaver (level 9, -3/82 HPs)
             Began as a Minotaur Berserker on Dec 6, 2022.
             Was an Elder of Trog.
             Slain by a gnoll
             ... wielding a +0 flail
              (7 damage)
             ... on level 8 of the Dungeon.
             The game lasted 00:29:23 (6796 turns).

Alacron the Cleaver (Minotaur Berserker)            Turns: 6796, Time: 00:29:24

Health: -3/82      AC: 11    Str: 26    XL:     9   Next: 51%
Magic:  8/8        EV:  9    Int:  4    God:    Trog [****..]
Gold:   426        SH:  0    Dex: 10    Spells: 8/8 levels left

rFire   . . .      SeeInvis .    b - +0 war axe
rCold   . . .      Faith    .    (no shield)
rNeg    . . .      Spirit   .    l - +1 chain mail
rPois   +          Reflect  .    (helmet restricted)
rElec   .          Harm     .    (no cloak)
rCorr   .          Rampage  .    (no gloves)
Will    +....                    (no boots)
Stlth   ..........               (no amulet)
HPRegen 0.33/turn                h - ring of poison resistance
MPRegen 0.11/turn                d - ring of willpower

@: about to teleport, on berserk cooldown, slowed, very slow
A: horns 2, retaliatory headbutt
a: Renounce Religion, Berserk, Trog's Hand, Brothers in Arms


You were on level 8 of the Dungeon.
You worshipped Trog.
Trog was greatly pleased with you.
You visited 1 branch of the dungeon, and saw 8 of its levels.

You collected 426 gold pieces.

Inventory:

Hand Weapons
 b - a +0 war axe (weapon)
Missiles
 i - a throwing net
Armour
 l - a +1 chain mail (worn)
 s - a +0 scale mail of fire resistance
Jewellery
 c - a ring of protection from cold
 d - a ring of willpower (right hand)
 g - a +6 ring of intelligence
 h - a ring of poison resistance (left hand)
 n - an amulet of magic regeneration
Wands
 m - a wand of quicksilver (11)
 w - a wand of flame (12)
Scrolls
 e - 3 scrolls of magic mapping
 r - 2 scrolls of amnesia (quivered) {unknown}
 t - 2 scrolls of identify
 u - a scroll of poison {unknown}
 v - 3 scrolls of teleportation
Potions
 a - a potion of invisibility {unknown}
 f - 2 potions of might
 j - a potion of flight
 k - a potion of magic {unknown}
 o - 2 potions of mutation
 p - a potion of lignification
 q - a potion of attraction {unknown}


   Skills:
 + Level 8.4 Fighting
 + Level 11.5 Axes
 + Level 8.0 Armour
 - Level 3.9 Dodging
 - Level 1.0 Stealth


You had 8 spell levels left.
You didn't know any spells.
Your spell library was empty.

Dungeon Overview and Level Annotations

Branches:
Dungeon (8/15)             Temple (0/1) D:7
   Lair: D:8-11

Altars:
Elyvilon
Sif Muna
Uskayaw

Shops:
D:3 :   D:4 (:


Innate Abilities, Weirdness & Mutations

You have a pair of horns on your head.
You reflexively headbutt those who attack you in melee.


Message History

You are exhausted.
You feel yourself slow down.
You hit the orc. You headbutt the orc.
You kill the orc!
Trog accepts your kill.
A gnoll comes into view. It is wielding a +0 club.
The gnoll shouts!
You hear a shout!
The gnoll barely misses you.
A gnoll comes into view. It is wielding a +0 club.
The gnoll hits you with a +0 flail.
The gnoll throws a throwing net.
The throwing net hits you.
You become entangled in the net!
You see here a throwing net.
You struggle against the net.
The gnoll hits you but does no damage.
You struggle against the net.
The gnoll hits you with a +0 flail.
A gnoll comes into view. It is wielding a +0 halberd.
The gnoll hits you with a +0 flail.
You struggle against the net.
The gnoll completely misses you.
You struggle against the net.
The gnoll hits you but does no damage. The gnoll hits you with a +0 club!
The gnoll hits you with a +0 flail. The gnoll barely misses you.
You shred the net and break free! The gnoll hits you with a +0 flail.
The gnoll misses you.
You fail to use your ability.
The gnoll barely misses you. You furiously retaliate!
You headbutt the gnoll. The gnoll barely misses you.
The gnoll hits you with a +0 club. The gnoll hits you but does no damage.
The gnoll barely misses you. The gnoll hits you but does no damage.
The gnoll hits you with a +0 flail!
The gnoll hits you from afar with a +0 halberd.
* * * LOW HITPOINT WARNING * * *
You hit the gnoll.
The gnoll is severely wounded.
You hit the gnoll. x2; The gnoll hits you with a +0 flail.
* * * LOW HITPOINT WARNING * * *
The gnoll hits you from afar with a +0 halberd!
* * * LOW HITPOINT WARNING * * *
The gnoll hits you but does no damage. The gnoll closely misses you.
You furiously retaliate!
You headbutt the gnoll.
As you read the scroll of teleportation, it crumbles to dust.
You feel strangely unstable. The gnoll hits you with a +0 flail!
You die...

..... ....#.....
...... #.....#.#
......####.......###
....................
..../...#...........
....................
............).......
.....gg)...).)......
#.$...g@.....)......
......g.............
.............!......
.#.............####.
..............##
#####........##
#.....##.#
#...#......
##<.####.###


You could see 4 gnolls.

Vanquished Creatures
  Joseph (D:8)
  Menkaure (D:6)
  Duvessa (D:4)
  2 orc warriors
  A black bear (D:5)
  2 ogres
  2 phantoms
  A kobold brigand (D:7)
  Blork the orc (D:5)
  A necrophage (D:7)
  2 bullfrogs (D:7)
  4 scorpions
  3 wights (D:7)
  Dowan (D:4)
  5 killer bees (D:7)
  A hound (D:5)
  3 jellies
  2 orc priests
  Jessica (D:2)
  4 iguanas
  5 orc wizards
  Robin (D:2)
  15 adders
  3 gnolls (D:6)
  6 shadow imps
  2 white imps
  An ufetubus (D:6)
  A worm (D:3)
  2 dart slugs
  25 orcs
  6 ball pythons
  8 endoplasms
  4 giant cockroaches
  13 hobgoblins
  5 kobolds
  2 quokkas (D:3)
  4 bats
  5 frilled lizards
  10 goblins
  6 rats
163 creatures vanquished.

Notes
Turn   | Place    | Note
-------+----------+-------------------------------------------
     0 | D:1      | Alacron the Minotaur Berserker began the quest for the Orb.
     0 | D:1      | Reached XP level 1. HP: 19/19 MP: 0/0
   206 | D:1      | Reached XP level 2. HP: 22/27 MP: 1/1
   430 | D:1      | Reached skill level 4 in Axes
   856 | D:2      | Reached XP level 3. HP: 33/33 MP: 2/2
  1032 | D:2      | Reached ** piety under Trog
  1049 | D:2      | Noticed Jessica
  1056 | D:2      | Killed Jessica
  1224 | D:2      | Reached XP level 4. HP: 36/41 MP: 3/3
  1265 | D:2      | Noticed Robin
  1271 | D:2      | Killed Robin
  1276 | D:2      | Reached skill level 5 in Axes
  1892 | D:3      | Noticed a phantom
  1901 | D:3      | Killed a phantom
  1902 | D:3      | Reached XP level 5. HP: 42/47 MP: 4/4
  2042 | D:3      | Reached *** piety under Trog
  2058 | D:3      | Found Emaolu's Book Shop.
  2138 | D:3      | Reached skill level 6 in Axes
  2432 | D:3      | Found a faded altar of an unknown god.
  2530 | D:4      | Reached skill level 5 in Fighting
  2530 | D:4      | Reached XP level 6. HP: 55/56 MP: 5/5
  2670 | D:4      | Noticed Dowan
  2670 | D:4      | Noticed Duvessa
  2692 | D:4      | Killed Duvessa
  2693 | D:4      | Reached skill level 7 in Axes
  2700 | D:4      | Killed Dowan
  2831 | D:4      | Found Pucuunti's Antique Weapon Emporium.
  2968 | D:4      | Reached XP level 7. HP: 61/61 MP: 6/6
  3353 | D:4      | Found Vianiakhlisk's Tremendous Tomes.
  3523 | D:5      | Entered Level 5 of the Dungeon
  3706 | D:5      | Reached **** piety under Trog
  3780 | D:5      | Found a white marble altar of Elyvilon.
  3799 | D:5      | Reached skill level 8 in Axes
  3801 | D:5      | Reached skill level 5 in Armour
  3955 | D:5      | Found a hide-covered altar of Uskayaw.
  3957 | D:5      | Noticed a +0 dagger
  3993 | D:5      | Noticed a +0 dagger
  4035 | D:5      | Noticed Blork the orc
  4041 | D:5      | Found a shimmering blue altar of Sif Muna.
  4070 | D:5      | Killed Blork the orc
  4227 | D:5      | Reached XP level 8. HP: 65/71 MP: 7/7
  4609 | D:6      | Reached skill level 9 in Axes
  5217 | D:6      | Noticed Menkaure
  5225 | D:6      | Killed Menkaure
  5426 | D:7      | Found a staircase to the Ecumenical Temple.
  5494 | D:7      | Reached skill level 10 in Axes
  5643 | D:7      | Reached skill level 1 in Stealth
  5886 | D:7      | Reached XP level 9. HP: 80/80 MP: 8/8
  5970 | D:7      | Identified the +0 leather armour "Yczefipp" {rN+}
  6580 | D:7      | Reached skill level 11 in Axes
  6766 | D:8      | Noticed Joseph
  6777 | D:8      | Killed Joseph
  6795 | D:8      | HP: 4/82 [gnoll/+0 halberd (12)]
  6796 | D:8      | Slain by a gnoll

Illustrated notes

Levels and vault maps discovered:
D:1:      onia_arrival_handbag, layout_basic
D:2:      layout_loops_corners, uniq_robin, uniq_crazy_yiuf_cottage,
          uniq_jessica
D:3:      layout_loops_ring, serial_shops, nicolae_shop_statue_plus,
          shapermc_ecumenical_altar_mp_vishouse
D:4:      layout_loops_cross, nicolae_shop_i_like_big_books,
          nicolae_inconvenience_store, uniq_duvessa
D:5:      layout_rooms, tgw_sif, dancing_weapons_uskayaw,
          mainiacjoe_overflow_brackets, nrook_mini_backslash
D:6:      layout_loops_ring, uniq_menkaure
D:7:      layout_basic, minmay_temple_entry_statues
D:8:      layout_rooms, zin_treasury, minmay_misc_feat_square, uniq_joseph

Skill      XL: |  1  2  3  4  5  6  7  8  9 |
---------------+----------------------------+-----
Fighting       | 4 5 6 7 8 |  8.4
Axes           | 4 5 6 7 8 10 11 | 11.5
Armour         | 3 4 5 6 8 |  8.0
Dodging        | 3 |  3.9
Stealth        | 1 |  1.0

Action                   |  1- 3 |  4- 6 |  7- 9 || total
-------------------------+-------+-------+-------++-------
Melee: Hand axe          |    53 |   142 |     9 ||   204
       Punch             |     1 |     2 |     3 ||     6
       Headbutt          |     2 |    25 |    37 ||    64
       War axe           |       |       |   207 ||   207
Invok: Berserk           |       |     1 |     4 ||     5
  Use: Scroll            |       |     5 |     8 ||    13
       Potion            |       |     2 |     2 ||     4
 Stab: Sleeping          |     1 |       |       ||     1
Armor: Animal skin       |     2 |       |       ||     2
       Chain mail        |    20 |    64 |    99 ||   183
Dodge: Dodged            |    26 |    52 |   102 ||   180

Table legend: (Time is in decaauts)
 A = Elapsed time spent in this place.
 B = Non-inter-level travel time spent in this place.
 C = Inter-level travel time spent in this place.
 D = Time resting spent in this place.
 E = Time spent auto-exploring this place.
 F = Levels seen in this place.
 G = Mean time per level.
                   A        B        C        D        E       F      G
               +--------+--------+--------+--------+--------+-----+--------+
         Total |   6840 |   6512 |    328 |      0 |   5470 |   8 |  855.0 |
       Dungeon |   6840 |   6512 |    328 |      0 |   5470 |   8 |  855.0 |
               +--------+--------+--------+--------+--------+-----+--------+

Top non-repeatable levels by time:
     D:7: 1349 daAuts
     D:2: 1108 daAuts
     D:6: 1030 daAuts
     D:4: 1016 daAuts
     D:5: 888 daAuts
     D:1: 754 daAuts
     D:3: 658 daAuts
     D:8: 34 daAuts
